 Dungeon Crawl Stone Soup version 0.18.1-48-g4cf74bf (webtiles) character file.

242 Jerry the Covered (level 5, -1/42 HPs)
             Began as a Demigod Fighter on Aug 5, 2016.
             Slain by Jerry's ghost (6 damage)
             ... on level 3 of the Dungeon.
             The game lasted 00:11:23 (2340 turns).

Jerry the Covered (Demigod Fighter)                 Turns: 2340, Time: 00:11:24

Health: -1/42      AC:  5    Str: 19    XL:     5   Next: 52%
Magic:  7/7        EV: 11    Int: 12    God:
Gold:   162        SH:  0    Dex: 17    Spells: 0 memorised, 4 levels left

rFire  . . .     SeeInvis .     w - +1 hunting sling (flame)
rCold  . . .     Gourm    +     C - +2 robe {rN+}
rNeg   + . .     Faith    .     (no shield)
rPois  .         Spirit   .     (no helmet)
rElec  .         Dismiss  .     (no cloak)
rCorr  .         Reflect  .     (no gloves)
SustAt +         Harm     .     B - +0 pair of boots
MR     .....     Rnd*Tele +     g - amulet of the gourmand
Stlth  +++.......               d - ring of stealth
                                j - ring of teleportation (curse)

@: not resistant to hostile enchantments, fairly stealthy
A: high mp 1, sustain attributes
a: no special abilities


You were on level 3 of the Dungeon.
You were very full.

You visited 1 branch of the dungeon, and saw 4 of its levels.

You collected 162 gold pieces.

Inventory:

Hand Weapons
 a - a +0 long sword
 w - a +1 hunting sling of flaming (weapon)
Missiles
 e - 133 stones
 v - a sling bullet (quivered)
Armour
 b - a +0 scale mail
 c - a +0 shield
 B - a +0 pair of boots (worn)
 C - a +2 robe of positive energy (worn)
Jewellery
 d - a ring of stealth (right hand)
 g - an amulet of the gourmand (around neck)
 j - a cursed ring of teleportation (left hand)
 s - an uncursed ring of protection from cold
 A - a +3 ring of strength {unknown}
Scrolls
 i - 3 scrolls of identify {unknown}
 k - a scroll of fear {unknown}
 l - 2 scrolls of remove curse {unknown}
 o - a scroll of amnesia {unknown}
 p - a scroll of noise {unknown}
 q - a scroll of enchant weapon {unknown}
 u - a scroll of blinking {unknown}
 x - a scroll of immolation {unknown}
 y - a scroll of teleportation {unknown}
 z - 3 scrolls of magic mapping {unknown}
Potions
 h - 2 potions of flight {unknown}
 m - 5 potions of curing {unknown}
 r - a potion of ambrosia {unknown}
 t - 2 potions of degeneration {unknown}
Comestibles
 f - 4 bread rations
 n - 3 meat rations


   Skills:
 - Level 2.6 Fighting
 + Level 4.1 Long Blades
 + Level 4.5 Armour
 - Level 2.6 Shields


You had 4 spell levels left.
You didn't know any spells.

Dungeon Overview and Level Annotations

Branches:
Dungeon (4/15)
 Temple: D:4-7

Annotations:
D:3 Jerry's ghost, amateur HOFi


Innate Abilities, Weirdness & Mutations

You have an increased reservoir of magic (+10% MP).
Your attributes are resistant to harm.


Message History

Aim: Jerry's ghost (almost destroyed)
You shoot a sling bullet.
The sling bullet hits Jerry's ghost but does no damage.
Jerry's ghost is almost destroyed.
Jerry's ghost misses you.
Firing (i - inventory. (,) - cycle):
v - 3 sling bullets (quivered)
Press: ? - help, Shift-Dir - straight line, f/p - Jerry's ghost
Aim: Jerry's ghost (almost destroyed)
You shoot a sling bullet.
The sling bullet completely misses Jerry's ghost.
The sling bullet barely misses the goblin.
Jerry's ghost barely misses you.
Firing (i - inventory. (,) - cycle):
v - 2 sling bullets (quivered)
Press: ? - help, Shift-Dir - straight line, f/p - Jerry's ghost
Aim: Jerry's ghost (almost destroyed)
You shoot a sling bullet. The sling bullet hits Jerry's ghost.
The sling bullet burns Jerry's ghost.
Jerry's ghost is almost destroyed.
Jerry's ghost hits you.
You die...

#(..... .._....
########.......
..:....(....8..
#..(.((.(
#)#....._ #g#
....( #W# ...#
#@# #.# #####.#
# #.....#
#.##### #...#
###
###.####.....
#..........
########.#.


You could see Jerry's ghost and a goblin.

Vanquished Creatures
  An orc priest (D:4)
  An orc wizard (D:4)
  2 worker ants (D:4)
  5 adders
  3 oozes
  3 worms
  A giant gecko (D:1)
  8 orcs
  4 giant cockroaches
  6 goblins
  7 hobgoblins
  3 jackals (D:2)
  A quokka (D:3)
  6 bats
  2 giant newts
  A jackal skeleton (D:4)
  6 kobolds
  7 rats
67 creatures vanquished.

Notes
Turn   | Place    | Note
--------------------------------------------------------------
     0 | D:1      | Jerry the Demigod Fighter began the quest for the Orb.
     0 | D:1      | Reached XP level 1. HP: 18/18 MP: 3/3
   248 | D:1      | Reached XP level 2. HP: 21/25 MP: 4/4
   789 | D:2      | Reached XP level 3. HP: 30/30 MP: 5/5
  1212 | D:2      | Reached XP level 4. HP: 37/37 MP: 6/6
  1452 | D:2      | You fall through a shaft for 2 floors!
  1487 | D:4      | Noticed a phantom
  1927 | D:4      | Reached XP level 5. HP: 39/42 MP: 7/7
  2303 | D:3      | Found a glowing golden altar of the Shining One.
  2304 | D:3      | Noticed Jerry's ghost (amateur HOFi)
  2313 | D:3      | Found an ancient bone altar of Kikubaaqudgha.
  2340 | D:3      | Slain by Jerry's ghost

Skill      XL: |  1  2  3  4  5 |
---------------+----------------+-----
Long Blades    | 2 3 4 |  4.1
Armour         | 3 4 |  4.5
Fighting       | |  2.6
Shields        | |  2.6

Action                   |  1- 3 |  4- 6 || total
-------------------------+-------+-------++-------
Melee: Long sword        |    87 |       ||    87
 Fire: Hunting sling     |    20 |   108 ||   128
  Use: Potion            |     1 |       ||     1
  Eat: Chunk             |    10 |     3 ||    13
Armor: Scale mail        |    52 |    25 ||    77
Dodge: Dodged            |    37 |    37 ||    74
